 Dungeon Crawl Stone Soup version 0.31.0-9-g3a7656b989 (webtiles) character file.

Game seed: 7066774522719251173

7 Amplified the Vexing (level 1, 0/15 HPs)
             Began as a Mummy Hexslinger on Jan 25, 2024.
             Slain by a quokka (4 damage)
             ... on level 1 of the Dungeon.
             The game lasted 00:00:55 (230 turns).

Amplified the Vexing (Mummy Hexslinger)              Turns: 230, Time: 00:00:56

Health: 0/15       AC:  2    Str: 11    XL:     1   Next: 91%
Magic:  3/3        EV: 12    Int: 12    God:
Gold:   13         SH:  0    Dex: 14    Spells: 3/3 levels left

rFire   x . .        a - +1 sling
rCold   + . .        (no shield)
rNeg    + + +        c - +0 robe
rPois   ∞            (no helmet)
rElec   .            (no cloak)
rCorr   .            (no gloves)
SInv    .            (no boots)
Will    .....        (no amulet)
Stlth   +            (no ring)
HPRegen 0.22/turn    (no ring)
MPRegen 0.08/turn

%: faith
@: no status effects
A: cold resistance 1, negative energy resistance 3, torment resistance 2, heat
vulnerability 1, in touch with death 1, no potions, faith
a: no special abilities


You were on level 1 of the Dungeon.
You visited 1 branch of the dungeon, and saw 1 of its levels.

You collected 13 gold pieces.

Inventory:

Hand Weapons
 a - a +1 sling (weapon)
Missiles
 d - a javelin (quivered)
Armour
 c - a +0 robe (worn)
Scrolls
 b - a scroll of poison


   Skills:
 * Level 1.4 Fighting
 - Level 1.7 Ranged Weapons
 * Level 0.2 Throwing
 - Level 1.5 Dodging
 * Level 1.8 Spellcasting
 - Level 2.6 Hexes
 - Level 0.7 Fire Magic


You had 3 spell levels left.
You didn't know any spells.
Your spell library contained the following spells:

 Spells                   Type           Power      Damage    Failure   Level
 Jinxbite                 Hex            14%        N/A       14%         2
 Sigil of Binding         Hex            7%         N/A       28%         3
 Inner Flame              Hex/Fire       5%         N/A       38%         3
 Cause Fear               Hex            3%         N/A       67%         4
 Dimensional Bullseye     Hex/Tloc       2%         N/A       85%         4


Dungeon Overview and Level Annotations

Branches:
Dungeon (1/15)

Altars:


Innate Abilities, Weirdness & Mutations

You are immune to poison.
Your flesh is cold resistant. (rC+)
You are immune to negative energy. (rN+++)
You are immune to unholy pain and torment.
You are vulnerable to heat. (rF-)
You are in touch with the powers of death.
You do not drink.
You have a special connection with the divine. (Faith)


Message History

The sling bullet barely misses the quokka.
You shoot a sling bullet.
The sling bullet closely misses the quokka.
The sling bullet hits the dart slug.
The dart slug is lightly wounded.
The quokka closely misses you.
You shoot a sling bullet. The sling bullet hits the quokka.
The quokka is almost dead.
The quokka bites you. x2
You shoot a sling bullet.
The sling bullet closely misses the quokka.
The sling bullet hits the dart slug.
The dart slug is severely wounded.
The quokka bites you.
You can't drink.
Unknown command.
The quokka closely misses you. The quokka misses you.
You can't drink.
Unknown command.
Throw: 3 javelins
Press: ? - help, Q - select action, (/) - cycle Shift-Dir - straight line, f - dart slug, p - quokka
Aim: a dart slug (severely wounded, 93% to hit)
You throw a javelin. The javelin closely misses the quokka.
The javelin pierces through the dart slug!
You kill the dart slug!
The quokka closely misses you.
Unknown command.
You shoot a sling bullet.
The sling bullet barely misses the quokka.
The quokka bites you but does no damage.
The quokka bites you.
You shoot a sling bullet. The sling bullet misses the quokka.
The quokka bites you.
* * * LOW HITPOINT WARNING * * *
Throw: 2 javelins
Press: ? - help, Q - select action, (/) - cycle Shift-Dir - straight line, f/p - quokka
Aim: a quokka (almost dead, 41% to hit)
You throw a javelin. The javelin closely misses the quokka.
The quokka misses you. The quokka bites you.
You die...

####.#####.# #.#
.. ####.#### #.#
........# #
.....##.#
#######.#
######### #.#
#((...... #.#
#r####..# #.# #@#
#.# #.# #.## #.#
###.# #.#
##.#.#######.#
##PP#.......#.#
.###...#..####.#.#
~P.P.P~~..# #.#)#
P~~~~~P#.## #.#.#


You could see a quokka.

Vanquished Creatures
  A dart slug (D:1)
  A bat (D:1)
  A hobgoblin (D:1)
  A kobold (D:1)
  2 rats (D:1)
6 creatures vanquished.

Notes
Turn   | Place    | Note
-------+----------+-------------------------------------------
     0 | D:1      | Amplified the Mummy Hexslinger began the quest for the Orb.
     0 | D:1      | Reached XP level 1. HP: 15/15 MP: 2/2
   230 | D:1      | Slain by a quokka

Illustrated notes

Levels and vault maps discovered:
D:1:      psy_arrival_fountain, layout_loops_ring,
          shapermc_ecumenical_altar_hornbeckon, serial_shops,
          nicolae_shop_stone, grunt_decor_junction

Action                     || total
---------------------------++-------
   Fire: Sling             ||    29
  Throw: Javelin           ||     3
 Armour: Robe              ||    12
  Dodge: Dodged            ||    15
